 Dungeon Crawl Stone Soup version 0.17-a0-2058-g8b0eb12 (webtiles) character file.

4691 Ordine the Carver (level 10, -3/115 HPs)
             Began as an Octopode Fighter on Oct 12, 2015.
             Was a Believer of Dithmenos.
             Slain by blinkfrog's ghost (5 damage)
             ... on level 9 of the Dungeon.
             The game lasted 00:30:04 (10925 turns).

Ordine the Carver (Octopode Fighter)               Turns: 10925, Time: 00:30:05

Health: -3/115     AC: 25    Str: 18    XL:     10   Next: 44%
Magic:  10/10      EV:  2    Int: 13    God:    Dithmenos [**....]
Gold:   375        SH: 10    Dex: 16    Spells: 0 memorised, 9 levels left

rFire  . . .     SeeInvis .     a - +1 long sword
rCold  . . .     Clarity  .     b - +1 shield
rNeg   + + +     SustAt   +     (helmet currently unavailable)
rPois  +         Gourm    .     D - amulet of resist mutation
rElec  .         Spirit   .     o - ring of sustain attributes
rCorr  .         Warding  .     j - ring of protection from magic
rMut   +         NoTele   +     w - +3 ring of intelligence
MR     +++..                    h - ring of protection from magic
Stlth  ++........               H - ring of invisibility
                                (no ring)
                                (no ring)
                                (no ring)

@: mighty, tree-form, wreathed by umbra, extremely resistant to hostile
enchantments, unstealthy
A: almost no armour, amphibious, 8 rings, (constrict 8), (camouflage 0), magic
resistance 1, teleportitis 1, weak 1, (gelatinous body 0)
a: Shadow Step, Renounce Religion, Evoke Invisibility


You were on level 9 of the Dungeon.
You worshipped Dithmenos.
Dithmenos was pleased with you.
You were not hungry.
You were a tree.
You visited 2 branches of the dungeon, and saw 10 of its levels.
You also visited: Sewer.

You collected 411 gold pieces.
You spent 36 gold pieces at shops.

Inventory:

Hand Weapons
 a - a +1 long sword (weapon)
Missiles
 f - 335 stones (quivered)
 g - 24 poisoned needles
 I - 2 tomahawks
Armour
 b - a +1 shield (worn)
Jewellery
 h - a ring of protection from magic (on tentacle)
 j - a ring of protection from magic (right branch)
 o - a ring of sustain attributes (left branch)
 w - a +3 ring of intelligence (on tentacle)
 D - an amulet of resist mutation (around neck)
 H - a ring of invisibility (on tentacle)
Wands
 k - a wand of paralysis (11)
 E - a wand of enslavement (6)
 F - a wand of cold (6)
Scrolls
 i - 2 scrolls of remove curse
 m - a scroll of fog
 u - a scroll of blinking
 v - a scroll of teleportation
 y - a scroll of fear
 A - 5 scrolls of amnesia
 B - 2 scrolls of enchant armour
Potions
 e - a potion of lignification
 p - 2 potions of flight
 r - a potion of haste
 s - a potion of agility
 z - a potion of resistance {unknown}
 C - a potion of ambrosia {unknown}
Comestibles
 d - 4 bread rations
 l - 2 beef jerkies
 q - 2 meat rations
 t - 6 chunks of flesh
 x - 3 slices of pizza
 G - 3 fruits


   Skills:
 + Level 10.8 Fighting
 + Level 10.9 Long Blades
 - Level 3.0 Dodging
 - Level 3.0 Shields


You had 9 spell levels left.
You didn't know any spells.

Dungeon Overview and Level Annotations

Branches:
Dungeon (9/15)             Temple (1/1) D:4
   Lair: D:8-11         Orc: D:9-12

Altars:
Ashenzari
Cheibriados
Dithmenos
Elyvilon
Fedhas
Gozag
Kikubaaqudgha
Makhleb
Nemelex Xobeh
Okawaru
Qazlal
Ru
Sif Muna
Trog
Vehumet
Xom
Yredelemnul
Zin
The Shining One

Shops:
D:4 [*%   D:5 [

Annotations:
D:9 blinkfrog's ghost, novice FoHu


Innate Abilities, Weirdness & Mutations

You cannot wear most types of armour.
You are amphibious.
You can wear up to eight rings at the same time.
((You can use your tentacles to constrict eight enemies at once.))
((Your skin changes colour to match your surroundings (Stealth).))
((Your rubbery body absorbs attacks (AC +1).))
You are resistant to hostile enchantments.
You are occasionally teleported to nearby monsters.
You are weak. (Str -2)


Message History

You hit blinkfrog's ghost but do no damage.
Blinkfrog's ghost is heavily damaged.
Blinkfrog's ghost hits you!
* * * LOW HITPOINT WARNING * * *
x2 You slash blinkfrog's ghost!
Blinkfrog's ghost is severely damaged.
You block blinkfrog's ghost's attack.
You hit blinkfrog's ghost but do no damage.
Blinkfrog's ghost is severely damaged.
Blinkfrog's ghost hits you!
* * * LOW HITPOINT WARNING * * *
x2 Drink which item? (? for menu, Esc to quit)
You feel better.
Blinkfrog's ghost hits you but does no damage.
You hit blinkfrog's ghost.
Blinkfrog's ghost is severely damaged.
Blinkfrog's ghost says, "They lied to you.
The Dungeon just goes down and down forever."
Blinkfrog's ghost hits you!
* * * LOW HITPOINT WARNING * * *
You die...

## ## #. ).# #.
#.# #. #.#
#.####### #.#
#.......# #.#
#.)####.#####.##
#..# #........#
#.♣# #######..#
#.W# #..# #..#
#####..### #...
..........##
....
######.....#
###.## #.......
#.# ..........
..# ###.......
..#.....#


You could see blinkfrog's ghost.

Vanquished Creatures
  Pikel (D:7)
  Maurice (D:8)
  A wyvern (D:8)
  Menkaure (D:4)
  Edmund (D:4)
  2 ice beasts (D:8)
  5 ogres
  Purgy (Sewer)
  2 sky beasts (D:8)
  2 black bears (D:6)
  6 centaurs
  A phantom (D:4)
  Blork the orc (D:4)
  5 scorpions
  3 giant frogs
  A killer bee (D:7)
  3 wights (D:8)
  A hound (D:8)
  3 giant frog zombies
  5 orc wizards
  Crazy Yiuf (D:7)
  A centaur zombie (D:8)
  6 crimson imps
  A jelly (D:8)
  Jessica (D:2)
  2 orc priests
  4 worker ants
  4 iguanas (D:8)
  A worker ant zombie (D:5)
  22 gnolls
  7 adders
  An adder zombie (D:6)
  A worm (D:2)
  4 giant geckos
  32 orcs
  4 bats
  5 giant cockroaches
  5 goblins
  4 hobgoblins
  22 jackals
  5 giant newts
  6 kobolds
  7 quokkas
  7 rats
199 creatures vanquished.

Vanquished Creatures (others)
  2 slaves (D:7)
2 creatures vanquished.

Grand Total: 201 creatures vanquished

Notes
Turn   | Place    | Note
--------------------------------------------------------------
     0 | D:1      | Ordine the Octopode Fighter began the quest for the Orb.
     0 | D:1      | Reached XP level 1. HP: 16/16 MP: 1/1
   160 | D:1      | Reached XP level 2. HP: 18/21 MP: 2/2
   964 | D:2      | Reached XP level 3. HP: 23/26 MP: 3/3
   972 | D:2      | Noticed Jessica
   977 | D:2      | Killed Jessica
   995 | D:2      | Reached XP level 4. HP: 24/33 MP: 4/4
  1018 | D:2      | Reached skill level 4 in Fighting
  1811 | D:3      | Reached XP level 5. HP: 36/38 MP: 5/5
  1932 | D:3      | Found a bloodstained altar of Trog.
  1932 | D:3      | Found a shattered altar of Ashenzari.
  1933 | D:3      | Found a shimmering altar of Xom.
  2259 | D:3      | Found a glowing drain.
  2270 | Sewer    | Entered a sewer
  2332 | Sewer    | Noticed Purgy
  2345 | Sewer    | Killed Purgy
  2345 | Sewer    | Reached skill level 5 in Fighting
  2345 | Sewer    | Reached XP level 6. HP: 31/45 MP: 6/6
  2599 | D:4      | Gained mutation: You are resistant to hostile enchantments. [potion of mutation]
  2599 | D:4      | Gained mutation: You are occasionally teleported to nearby monsters. [potion of mutation]
  2599 | D:4      | Gained mutation: You are weak. (Str -2) [potion of mutation]
  2674 | D:4      | Reached skill level 5 in Long Blades
  2739 | D:4      | Noticed Menkaure
  2740 | D:4      | Found Soill's Food Shop.
  2745 | D:4      | Killed Menkaure
  2745 | D:4      | Reached XP level 7. HP: 34/51 MP: 7/7
  2789 | D:4      | Noticed Edmund
  2819 | D:4      | Killed Edmund
  2819 | D:4      | Reached skill level 6 in Fighting
  3119 | D:4      | Noticed Blork the orc
  3151 | D:4      | Killed Blork the orc
  3436 | D:4      | Found Giun's General Store.
  3444 | D:4      | Bought a scroll of teleportation for 36 gold pieces
  3541 | D:4      | Found a staircase to the Ecumenical Temple.
  3553 | Temple   | Entered the Ecumenical Temple
  3557 | Temple   | Became a worshipper of Dithmenos the Shadowed
  3687 | D:4      | Found Zohabi's Antique Armour Shoppe.
  4130 | D:4      | Reached XP level 8. HP: 42/58 MP: 8/8
  4301 | D:5      | Entered Level 5 of the Dungeon
  4341 | D:5      | Reached skill level 7 in Fighting
  4587 | D:5      | Found Deesi's Armour Boutique.
  5943 | D:6      | Reached skill level 8 in Fighting
  6638 | D:6      | Reached XP level 9. HP: 42/67 MP: 9/9
  6807 | D:6      | Got a slimy robe
  7982 | D:7      | Reached skill level 9 in Fighting
  8285 | D:7      | Noticed Crazy Yiuf
  8289 | D:7      | Killed Crazy Yiuf
  8438 | D:7      | Noticed Pikel
  8504 | D:7      | Killed Pikel
  9302 | D:8      | Noticed Maurice
  9307 | D:8      | Killed Maurice
  9307 | D:8      | Reached skill level 10 in Fighting
  9307 | D:8      | Reached skill level 10 in Long Blades
  9335 | D:8      | Acquired Dithmenos's first power
  9336 | D:8      | Reached XP level 10. HP: 47/76 MP: 10/10
 10899 | D:9      | Noticed blinkfrog's ghost (novice FoHu)
 10925 | D:9      | HP: 2/115 [blinkfrog's ghost (14)]
 10925 | D:9      | Slain by blinkfrog's ghost

Vault maps used:
D:1:      dpeg_arrival_rooms_b
D:2:      uniq_jessica
D:3:      gammafunk_temple_overflow_forgotten, portal_sewer_entry_d
D:4:      temple_green, serial_shops, shop_fountains, shop_fountains,
          nicolae_shop_trees, uniq_edmund, uniq_blork_the_orc, uniq_menkaure
D:5:      first_bread, serial_shops, kennysheep_little_box
D:6:      serial_bayou_pond_a
D:7:      uniq_crazy_yiuf_cottage, uniq_pikel
D:8:      enter_ossuary_2, uniq_maurice
D:9:      hangedman_little_slice_of_home
Temple:   nicolae_temple_x_marks_the_god_16
Sewer:    sewer_the_crocodile

Action                   |  1- 3 |  4- 6 |  7- 9 | 10-12 || total
-------------------------+-------+-------+-------+-------++-------
Melee: Long sword        |    39 |    84 |   289 |   153 ||   565
       Dagger            |     1 |       |       |       ||     1
Throw: Stone             |       |     3 |       |     6 ||     9
       Throwing net      |       |     1 |       |       ||     1
Evoke: Wand              |       |     3 |     7 |       ||    10
  Use: Scroll            |       |    14 |     6 |     1 ||    21
       Potion            |       |     1 |     2 |     5 ||     8
 Stab: Sleeping          |     5 |     3 |     5 |     5 ||    18
       Paralysed         |       |     5 |    13 |       ||    18
       Distracted        |       |       |     2 |       ||     2
  Eat: Chunk             |       |     6 |    20 |     6 ||    32
